 Dungeon Crawl Stone Soup version 0.21.1-1-g345015fe64 (webtiles) character file.

845 Bal the Covered (level 7, -15/60 HPs)
             Began as a Minotaur Fighter on Apr 10, 2018.
             Demolished by an ogre
             ... wielding a +0 giant spiked club
              (17 damage)
             ... on level 5 of the Dungeon.
             The game lasted 00:05:22 (3443 turns).

Bal the Covered (Minotaur Fighter)                  Turns: 3443, Time: 00:05:22

Health: -15/60     AC: 12    Str: 21 (22) XL:     7   Next: 68%
Magic:  6/6        EV:  9    Int:  3 (5)  God:
Gold:   167        SH: 10    Dex:  7 (10) Spells: 6/6 levels left

rFire    . . .     SeeInvis .   a - +1 war axe
rCold    . . .     Gourm    .   c - +0 shield
rNeg     . . .     Faith    .   r - +5 scale mail
rPois    .         Spirit   .   (helmet restricted)
rElec    .         Reflect  .   (no cloak)
rCorr    .         Harm     .   (no gloves)
MR       .....                  (no boots)
Stlth    ..........             (no amulet)
HPRegen  0.20/turn              (no ring)
MPRegen  0.10/turn              (no ring)

@: flying
A: retaliatory headbutt, horns 2
a: no special abilities


You were on level 5 of the Dungeon.
You were not hungry.

You visited 1 branch of the dungeon, and saw 5 of its levels.

You collected 167 gold pieces.

Inventory:

Hand Weapons
 a - a +1 war axe (weapon)
Armour
 c - a +0 shield (worn)
 r - a +5 scale mail (worn)
Jewellery
 u - an uncursed amulet of rage {unknown}
Wands
 d - a wand of polymorph (1)
Scrolls
 i - a scroll of blinking
 l - 3 scrolls of remove curse
 n - 2 scrolls of teleportation
 o - a scroll of fog
 p - a scroll of random uselessness
 s - a scroll of fear
Potions
 b - a potion of brilliance {unknown}
 e - a potion of degeneration
 g - a potion of berserk rage {unknown}
 k - a potion of flight
 m - a potion of cancellation {unknown}
Comestibles
 f - 3 rations


   Skills:
 + Level 4.8 Fighting
 + Level 6.3 Axes
 + Level 6.4 Armour
 + Level 3.0 Dodging
 + Level 0.2 Stealth
 + Level 5.8 Shields
 + Level 0.1 Unarmed Combat


You had 6 spell levels left.
You didn't know any spells.

Dungeon Overview and Level Annotations

Branches:
Dungeon (5/15)
 Temple: D:4-7

Altars:
Dithmenos
Elyvilon
Sif Muna
Trog
Yredelemnul

Shops:
D:5 [


Innate Abilities, Weirdness & Mutations

You reflexively headbutt those who attack you in melee.
You have a pair of horns on your head.


Message History

You barely miss the ogre.
The ogre is heavily wounded.
The ogre hits you with a giant spiked club!
* * * LOW HITPOINT WARNING * * *
You hit the ogre.
The ogre is heavily wounded.
The ogre barely misses you.
Your shield and scale mail prevent you from hitting the ogre.
The ogre is heavily wounded.
The ogre hits you with a giant spiked club!
* * * LOW HITPOINT WARNING * * *
It was a potion of flight.
You feel very buoyant.
You fly up into the air.
It was a potion of degeneration.
There was something very wrong with that liquid.
You feel weakened.
You feel dopey.
You feel clumsy. The ogre barely misses you.
The ogre hits you with a giant spiked club!
You die...

#.#<)....#
#.###....# #.#
#....#
#######.#
#....#
......#.#
#.)..#
......#.#
#...##
.......)###..##
#......O....##
.#####@.####
#.......#
#.###...#
.....# ##.#.##
#.#.# #.#.#
..#..


You could see an ogre.

Vanquished Creatures
  The ghost of Knicklaso the Slinger, an amateur HaHu (D:3)
  A sky beast (D:4)
  2 phantoms
  A howler monkey (D:4)
  4 orc wizards
  Jessica (D:3)
  Ijyb (D:3)
  A worker ant (D:3)
  3 gnolls (D:3)
  4 adders
  An ooze (D:4)
  3 worms
  A dart slug (D:1)
  4 leopard geckos
  8 orcs
  8 bats
  4 giant cockroaches
  10 hobgoblins
  14 jackals
  6 quokkas
  6 frilled lizards
  5 goblins
  10 kobolds
  5 rats
104 creatures vanquished.

Vanquished Creatures (others)
  A plant (D:3)
1 creature vanquished.

Grand Total: 105 creatures vanquished

Notes
Turn   | Place    | Note
-------+----------+-------------------------------------------
     0 | D:1      | Bal the Minotaur Fighter began the quest for the Orb.
     0 | D:1      | Reached XP level 1. HP: 19/19 MP: 0/0
   118 | D:1      | Reached XP level 2. HP: 25/27 MP: 1/1
   549 | D:1      | Reached XP level 3. HP: 33/33 MP: 2/2
   621 | D:2      | Found a faded altar of an unknown god.
   764 | D:2      | Reached skill level 1 in Dodging
  1024 | D:2      | Reached XP level 4. HP: 40/40 MP: 3/3
  1396 | D:3      | Noticed Knicklaso's ghost (amateur HaHu)
  1412 | D:3      | Killed Knicklaso's ghost
  1412 | D:3      | Reached skill level 5 in Armour
  1412 | D:3      | Reached XP level 5. HP: 11/46 MP: 4/4
  1412 | D:3      | Reached XP level 6. HP: 13/52 MP: 5/5
  1677 | D:3      | Noticed Ijyb
  1679 | D:3      | Noticed Jessica
  1693 | D:3      | Killed Ijyb
  1853 | D:3      | Killed Jessica
  1853 | D:3      | Reached skill level 5 in Shields
  2018 | D:3      | Found a bloodstained altar of Trog.
  2079 | D:3      | Reached skill level 5 in Axes
  2729 | D:4      | Reached XP level 7. HP: 54/60 MP: 6/6
  2901 | D:4      | Found a shadowy altar of Dithmenos.
  2901 | D:4      | Found a deep blue altar of Sif Muna.
  3009 | D:4      | Found a basalt altar of Yredelemnul.
  3147 | D:5      | Entered Level 5 of the Dungeon
  3147 | D:5      | Found Xeuloh's Antique Armour Shoppe.
  3246 | D:4      | Found a white marble altar of Elyvilon.
  3440 | D:5      | HP: 2/60 [ogre/giant spiked club (10)]
  3443 | D:5      | Demolished by an ogre

Skill      XL: |  1  2  3  4  5  6  7 |
---------------+----------------------+-----
Fighting       | 4 |  4.8
Shields        | 4 5 |  5.8
Armour         | 4 5 6 |  6.4
Axes           | 3 4 5 6 |  6.3
Dodging        | 1 2 3 |  3.0
Stealth        | |  0.2
Unarmed Combat | |  0.1

Action                   |  1- 3 |  4- 6 |  7- 9 || total
-------------------------+-------+-------+-------++-------
Melee: War axe           |    96 |   125 |    51 ||   272
       Headbutt          |    16 |    17 |     5 ||    38
       Unarmed           |       |    12 |       ||    12
  Use: Potion            |       |     1 |     2 ||     3
       Scroll            |       |       |    10 ||    10
  Eat: Ration            |       |     2 |     1 ||     3
       Chunk             |       |     1 |       ||     1
Armor: Scale mail        |    54 |    45 |    15 ||   114
Dodge: Dodged            |    32 |    48 |    16 ||    96
Block: Shield            |    56 |    65 |    18 ||   139
